 Dungeon Crawl Stone Soup version 0.30-a0-672-gc3a7216ad8 (webtiles) character file.

Game seed: 7097842279503201477

5499 lunkers the Cleaver (level 11, -2/89 HPs)
             Began as a Meteoran Fighter on Jan 18, 2023.
             Was an Elder of Okawaru.
             Slain by a tengu warrior
             ... wielding a +0 great sword
              (15 damage)
             ... on level 8 of the Dungeon.
             The game lasted 00:11:05 (4177 turns).

lunkers the Cleaver (Meteoran Fighter)              Turns: 4177, Time: 00:11:05

Health: -2/89      AC: 14    Str: 22    XL:     11   Next: 20%
Magic:  13/15      EV: 12    Int: 10    God:    Okawaru [****..]
Gold:   337        SH: 11    Dex: 14    Spells: 10/10 levels left

rFire   + . .      SeeInvis .    a - +11 whip of Zygru {venom, rC+}
rCold   + + .      Faith    .    c - +0 buckler
rNeg    . . .      Spirit   .    b - +0 scale mail
rPois   .          Reflect  +    (no helmet)
rElec   .          Harm     .    z - +2 cloak
rCorr   .          Rampage  .    (no gloves)
Will    +....                    A - +1 pair of boots
Stlth   +                        m - amulet of reflection
HPRegen 0.34/turn                B - ring of protection from fire
MPRegen 0.14/turn                F - ring of protection from cold

@: about to teleport, heroic, glowing
A: sense surroundings 2, otherworldly, glowing, explore regen
a: Renounce Religion, Heroism, Finesse


You were on level 8 of the Dungeon.
You worshipped Okawaru.
Okawaru was greatly pleased with you.
You visited 2 branches of the dungeon, and saw 9 of its levels.

You collected 337 gold pieces.

Inventory:

Hand Weapons
 a - the +11 whip of Zygru (weapon) {venom, rC+}
   (You found it on level 4 of the Dungeon)

   rC:        It protects you from cold.
 j - a +4 whip of electrocution
 q - a +2 vampiric executioner's axe
Armour
 b - a +0 scale mail (worn)
 c - a +0 buckler (worn)
 z - a +2 cloak (worn)
 A - a +1 pair of boots (worn)
Jewellery
 m - an amulet of reflection (around neck)
 t - a ring of fire
 v - a ring of see invisible
 B - a ring of protection from fire (left hand)
 F - a ring of protection from cold (right hand)
Wands
 o - a wand of quicksilver (2)
 s - a wand of paralysis (2)
 x - a wand of mindburst (13)
 E - a wand of digging (8)
Scrolls
 d - 2 scrolls of enchant weapon {unknown}
 h - a scroll of magic mapping
 i - a scroll of poison {unknown}
 k - 3 scrolls of fog
 l - 2 scrolls of immolation
 n - a scroll of blinking
 p - 4 scrolls of identify
 w - 3 scrolls of enchant armour
 y - 2 scrolls of teleportation
 D - 2 scrolls of fear
Potions
 e - 2 potions of magic
 f - 4 potions of curing
 g - 3 potions of attraction
 r - a potion of lignification {unknown}
 u - a potion of heal wounds
 C - a potion of mutation {unknown}


   Skills:
 + Level 5.6(10.6) Fighting
 * Level 14.4(20.5) Axes
 - Level 10.3(19.2) Maces & Flails
 - Level 3.6(8.6) Armour
 - Level 3.6(8.6) Shields
 - Level 5.0 Invocations


You had 10 spell levels left.
You didn't know any spells.
Your spell library contained the following spells:

 Spells                   Type           Power      Damage    Failure   Level
 Ignite Poison            Fire/Tmut/Pois 0%         N/A       97%         3
 Inner Flame              Hex/Fire       0%         N/A       97%         3
 Ozocubu's Armour         Ice            0%         N/A       97%         3
 Cause Fear               Hex            0%         N/A       100%        4
 Sticky Flame             Conj/Fire      0%         2d3       100%        4
 Ozocubu's Refrigeration  Ice            0%         4d7       100%        7
 Discord                  Hex            0%         N/A       100%        8
 Ignition                 Fire           0%         3d3       100%        8


Dungeon Overview and Level Annotations

Branches:
Dungeon (8/15) Zot: 867    Temple (1/1) D:6 Zot: 405
   Lair: D:8-11

Altars:
Ashenzari
Cheibriados
Dithmenos
Fedhas
Gozag
Hepliaklqana
Kikubaaqudgha
Makhleb
Nemelex Xobeh
Okawaru
Ru
Sif Muna
Trog
Uskayaw
Vehumet
Wu Jian
Xom
Yredelemnul
Zin
The Shining One

Shops:
D:6 =   D:7 :   D:8 *


Innate Abilities, Weirdness & Mutations

You passively map the area around you.
You are easily found by Zot.
You glow in the dark.
You regain HP and MP as you explore.


Message History

You block the two-headed ogre's attack. The two-headed ogre barely misses you.
You completely miss the two-headed ogre.
The two-headed ogre is severely wounded.
You whack the two-headed ogre!
The two-headed ogre looks as sick as possible!
The two-headed ogre is almost dead.
You hit the two-headed ogre.
The two-headed ogre looks as sick as possible!
The two-headed ogre is almost dead.
You kill the two-headed ogre!
Okawaru is honoured by your kill.
You can now speed up your combat.
Your base Fighting skill increases to level 5!
Your base Axes skill increases to level 14!
You have reached level 11!
A centaur warrior comes into view.
It is wearing the ring "Plog" {Fly rPois Dex+6 Slay-6 Stlth+}.
The cyclops hits you!!
* * * LOW HITPOINT WARNING * * *
Items here: ))) [.
You hit the cyclops.
The cyclops is poisoned.
The cyclops is heavily wounded.
You whack the cyclops!
The cyclops is severely wounded.
The cyclops misses you.
You hit the cyclops.
The cyclops looks as sick as possible!
The cyclops is severely wounded.
You whack the cyclops!
The cyclops looks as sick as possible!
The cyclops is almost dead.
You kill the cyclops!
Okawaru is honoured by your kill.
The centaur warrior wields a +0 shortbow.
The centaur warrior shoots an arrow.
The arrow hits you!
* * * LOW HITPOINT WARNING * * *
You miss the tengu warrior. You block the tengu warrior's attack.
The tengu warrior pecks you but does no damage.
You block the tengu warrior's attack.
Okay, then.
As you read the scroll of teleportation, it crumbles to dust.
You feel strangely unstable.
The tengu warrior hits you with a +0 great sword!
You die...

............# #..#.....##..#..##
............####.##.....##..#..#
............)....#.#####.##.[.###
.........|..##..##.# #.##...###
............##..#..#.###..##.###.
.#########.###.##..#...[..##.##.#
.# #.###.#.#########.##)##. .#
#.##..#.##.........##.## .#
#.##.##@##.##†#######.## .#
#.#..##Q###.#.....##.#.# .#
#...##cc.*#.##.)..###.## .#
##..#.###.##.#...###.#.# .###
##.### ,###.##[(##.#.#. ...##
#..# *##.#.##.#.#.# ##..# #.## ,
, #.#####[#.#. ###∩### #.# * *
*##.###.#.#.# ......# ##.#,, ,
#.##.#.#.#.


You could see a tengu warrior and 2 centaur warriors.

Vanquished Creatures
  A two-headed ogre (D:8)
  Erica (D:8)
  A deep elf pyromancer (D:8)
  A cyclops (D:8)
  Psyche (D:8)
  A troll (D:8)
  A wyvern (D:8)
  A steam dragon (D:8)
  Menkaure (D:7)
  3 water moccasins
  Duvessa (D:4)
  A black bear (D:6)
  3 orc warriors (D:8)
  A sky beast (D:7)
  2 ice beasts
  2 centaurs
  3 bullfrogs
  2 necrophages (D:8)
  A gnoll sergeant (D:8)
  6 scorpions
  Dowan (D:4)
  4 killer bees
  2 howler monkeys
  A jelly (D:6)
  3 hounds
  Crazy Yiuf (D:7)
  2 iguanas
  Jessica (D:3)
  5 adders
  6 gnolls
  2 white imps
  2 ufetubi
  A worm (D:2)
  A dart slug (D:1)
  7 orcs
  7 ball pythons
  4 endoplasms
  6 giant cockroaches
  9 goblins
  6 hobgoblins
  4 jackals (D:1)
  2 quokkas
  5 bats
  3 frilled lizards
  6 kobolds
  6 rats
131 creatures vanquished.

Vanquished Creatures (others)
  An orc (D:8)
1 creature vanquished.

Grand Total: 132 creatures vanquished

Notes
Turn   | Place    | Note
-------+----------+-------------------------------------------
     0 | D:1      | lunkers the Meteoran Fighter began the quest for the Orb.
     0 | D:1      | Reached XP level 1. HP: 19/19 MP: 2/2
    86 | D:1      | Reached skill level 3 in Axes
    86 | D:1      | Reached XP level 2. HP: 26/26 MP: 3/3
   235 | D:1      | Reached XP level 3. HP: 31/31 MP: 4/4
   262 | D:1      | Reached skill level 4 in Axes
   481 | D:1      | Glimpsed the power of Zot.
   505 | D:2      | Reached XP level 4. HP: 32/38 MP: 5/5
   661 | D:2      | Reached skill level 5 in Axes
  1027 | D:3      | Noticed Jessica
  1037 | D:3      | Killed Jessica
  1038 | D:3      | Reached XP level 5. HP: 32/45 MP: 6/6
  1195 | D:4      | Reached skill level 6 in Axes
  1195 | D:4      | Reached XP level 6. HP: 51/51 MP: 7/7
  1422 | D:4      | Noticed Duvessa
  1423 | D:4      | Noticed Dowan
  1431 | D:4      | Killed Duvessa
  1431 | D:4      | Killed Dowan
  1432 | D:4      | Reached skill level 8 in Axes
  1432 | D:4      | Reached XP level 7. HP: 27/57 MP: 8/8
  1626 | D:4      | Reached skill level 9 in Axes
  1634 | D:4      | Identified the +11 whip of Zygru {venom, rC+}
  1735 | D:5      | Entered Level 5 of the Dungeon
  1751 | D:5      | Reached XP level 8. HP: 57/63 MP: 9/9
  1882 | D:5      | Reached skill level 5 in Maces & Flails
  2176 | D:6      | Found Qucrotuq's Jewellery Boutique.
  2279 | D:6      | Gained mutation: You passively map the area around you.
                  | [Meteoran growth]
  2279 | D:6      | Reached XP level 9. HP: 59/70 MP: 10/10
  2491 | D:6      | Found a staircase to the Ecumenical Temple.
  2499 | Temple   | Entered the Ecumenical Temple
  2677 | Temple   | Became a worshipper of Warmaster Okawaru
  2831 | D:7      | Found a runed translucent door.
  2832 | D:7      | Noticed Crazy Yiuf
  2890 | D:7      | Killed Crazy Yiuf
  2897 | D:7      | Identified a scroll of acquirement
  2897 | D:7      | Acquired a +2 vampiric executioner's axe
  3001 | D:7      | Reached skill level 10 in Maces & Flails
  3044 | D:7      | Noticed Menkaure
  3052 | D:7      | Killed Menkaure
  3093 | D:7      | Found Naaff's Book Shop.
  3310 | D:8      | Reached * piety under Okawaru
  3467 | D:8      | Noticed Erica
  3478 | D:8      | Killed Erica
  3478 | D:8      | Reached ** piety under Okawaru
  3479 | D:8      | Reached skill level 11 in Axes
  3479 | D:8      | Reached skill level 5 in Invocations
  3479 | D:8      | Reached XP level 10. HP: 77/77 MP: 14/14
  3594 | D:8      | Noticed Psyche
  3603 | D:8      | Killed Psyche
  3710 | D:8      | Reached skill level 12 in Axes
  3784 | D:8      | Found Pafaraus's General Store.
  3918 | D:8      | Noticed a deep elf pyromancer
  3932 | D:8      | Killed a deep elf pyromancer
  3932 | D:8      | Reached *** piety under Okawaru
  3933 | D:8      | Reached skill level 13 in Axes
  4135 | D:8      | Reached **** piety under Okawaru
  4152 | D:8      | Noticed a cyclops
  4152 | D:8      | Noticed a two-headed ogre
  4152 | D:8      | Identified the ring of Ytoashre {Int+3 Slay+4}
  4152 | D:8      | Noticed a tengu warrior
  4160 | D:8      | Identified the ring "Wosoff" {rN+ Str+3 Stlth+}
  4160 | D:8      | Noticed a centaur warrior
  4170 | D:8      | Killed a two-headed ogre
  4171 | D:8      | Reached skill level 5 in Fighting
  4171 | D:8      | Reached skill level 14 in Axes
  4171 | D:8      | Reached XP level 11. HP: 43/88 MP: 13/15
  4171 | D:8      | Identified the ring "Plog" {Fly rPois Dex+6 Slay-6 Stlth+}
  4171 | D:8      | Noticed a centaur warrior
  4175 | D:8      | Killed a cyclops
  4177 | D:8      | Slain by a tengu warrior

Illustrated notes

Levels and vault maps discovered:
D:1:      dpeg_arrival_stone_temple_mockup, layout_loops_corners
D:2:      layout_loops_ring, minmay_heptomino_w4
D:3:      layout_loops_ring, nicolae_overflow_hidden_temple, uniq_jessica
D:4:      layout_gridville, uniq_duvessa
D:5:      layout_basic
D:6:      layout_rooms, lemuel_round_altar, minmay_temple_entry_glassed_door,
          minmay_misc_feat_alley, kennysheep_decorative_pillar,
          minmay_shop_enchanted_jewellery, chequers_serial_rivers_micro_d
D:7:      layout_loops_ring, serial_shops, nicolae_shop_statue_plus,
          uniq_menkaure, uniq_crazy_yiuf_cottage
D:8:      minmay_the_grid_triangle_9x9_rhombus_full
          [minmay_the_grid_triangle_9x9_shrine,
          minmay_the_grid_triangle_9x9_checkered,
          minmay_the_grid_triangle_9x9_semitri,
          minmay_the_grid_triangle_9x9_minimal,
          minmay_the_grid_triangle_9x9_dagger,
          minmay_the_grid_triangle_9x9_intruding_spiral,
          minmay_the_grid_triangle_9x9_cache,
          minmay_the_grid_triangle_9x9_prize_special], layout_basic,
          serial_shops, shop, uniq_erica, uniq_psyche
Temple:   nicolae_temple_slightly_damp_pantheon

Skill      XL: |  1  2  3  4  5  6  7  8  9 10 |
---------------+-------------------------------+-----
Axes           | 3 4 5 6 8 9 11 14 | 14.4
Maces & Flails | 3 8 10 | 10.3
Invocations    | 5 |  5.0
Fighting       | 5 |  5.6
Armour         | |  3.6
Shields        | |  3.6

Action                   |  1- 3 |  4- 6 |  7- 9 | 10-12 || total
-------------------------+-------+-------+-------+-------++-------
Melee: War axe           |    58 |   103 |    22 |       ||   183
       Whip              |       |       |   130 |   103 ||   233
       Unarmed           |       |       |       |    15 ||    15
Invok: Heroism           |       |       |       |     1 ||     1
Evoke: Wand              |       |       |       |     1 ||     1
  Use: Potion            |       |     1 |     1 |       ||     2
       Scroll            |       |       |    15 |     2 ||    17
Armor: Scale mail        |    32 |    46 |    44 |    18 ||   140
       Skin              |       |       |       |     4 ||     4
Dodge: Dodged            |    27 |    32 |    30 |    23 ||   112
Block: Buckler           |    17 |    37 |    56 |    28 ||   138
       Reflection        |       |     3 |     2 |     1 ||     6

Table legend: (Time is in decaauts)
 A = Elapsed time spent in this place.
 B = Non-inter-level travel time spent in this place.
 C = Inter-level travel time spent in this place.
 D = Time resting spent in this place.
 E = Time spent auto-exploring this place.
 F = Levels seen in this place.
 G = Mean time per level.
                   A        B        C        D        E       F      G
               +--------+--------+--------+--------+--------+-----+--------+
         Total |   4126 |   3856 |    270 |      0 |   2934 |   9 |  458.4 |
       Dungeon |   3931 |   3676 |    255 |      0 |   2794 |   8 |  491.4 |
        Temple |    194 |    179 |     15 |      0 |    140 |   1 |  194.0 |
               +--------+--------+--------+--------+--------+-----+--------+

Top non-repeatable levels by time:
     D:8: 815 daAuts
     D:4: 551 daAuts
     D:1: 514 daAuts
     D:7: 492 daAuts
     D:6: 472 daAuts
     D:3: 472 daAuts
     D:5: 367 daAuts
     D:2: 245 daAuts
  Temple: 194 daAuts
